 Dungeon Crawl Stone Soup version 0.31-a0-1591-g515db51633 (console) character file.

Game seed: 9569381910870833641

172 petzl the Sneak (level 5, -2/41 HPs)
             Began as a Formicid Delver on Jan 6, 2024.
             Incinerated by a bombardier beetle (4 damage)
             ... with a burning spray
             ... on level 4 of the Dungeon.
             The game lasted 00:11:36 (3498 turns).

petzl the Sneak (Formicid Delver)                   Turns: 3498, Time: 00:11:37

Health: -2/41      AC:  6    Str: 17    XL:     5   Next: 82%
Magic:  10/10      EV: 11    Int: 11    God:
Gold:   143        SH:  4    Dex: 15    Spells: 10/11 levels left

rFire   . . .        a - +0 quarterstaff
rCold   + . .        s - +0 buckler
rNeg    . . .        g - +0 ring mail
rPois   .            (helmet unavailable)
rElec   .            (no cloak)
rCorr   .            p - +0 pair of gloves
SInv    +            (no boots)
Will    .....        (no amulet)
Stlth   +            o - ring of protection from cold
HPRegen 0.26/turn    (no ring)
MPRegen 0.12/turn

%: no passive effects
@: on fire, glowing
A: permanent stasis, dig shafts and tunnels, antennae 3, four strong arms
a: Dig, Shaft Self


You were on level 4 of the Dungeon.
You visited 1 branch of the dungeon, and saw 6 of its levels.

You collected 187 gold pieces.
You spent 44 gold pieces at shops.

Inventory:

Hand Weapons
 a - a +0 quarterstaff (weapon)
 b - a +0 sling
Missiles
 z - 2 poisoned darts
Armour
 g - a +0 ring mail (worn)
 p - a +0 pair of gloves (worn)
 s - a +0 buckler (worn)
Jewellery
 o - a ring of protection from cold (left hand)
Wands
 f - a wand of digging (3)
Scrolls
 c - 3 scrolls of fog
 d - 3 scrolls of revelation
 h - a scroll of immolation {unknown}
 j - 3 scrolls of identify
 m - a scroll of poison {unknown}
 q - a scroll of vulnerability
 u - a scroll of torment
Potions
 i - 2 potions of might {unknown}
 l - 4 potions of curing {unknown}
 r - a potion of lignification {unknown}
 t - 2 potions of heal wounds {unknown}
 v - 2 potions of attraction {unknown}
 w - a potion of invisibility {unknown}
 x - a potion of ambrosia {unknown}
 A - a potion of mutation {unknown}


   Skills:
 + Level 3.5 Fighting
 - Level 2.0 Maces & Flails
 + Level 0.0 Throwing
 + Level 2.0 Dodging
 - Level 6.0 Stealth
 + Level 1.0 Shields
 + Level 3.9 Spellcasting
 * Level 1.1 Conjurations
 * Level 0.9 Air Magic
 + Level 0.7 Evocations


You had 10 spell levels left.
You knew the following spells:

 Your Spells              Type           Power      Damage    Failure   Level
a - Shock                 Conj/Air       16%        1d4       36%         1

Your spell library contained the following spells:

 Spells                   Type           Power      Damage    Failure   Level
 Volatile Blastmotes      Fire/Tloc      4%         2d10      87%         3
 Airstrike                Air            2%         2d(1-17)  99%         4
 Fulminant Prism          Conj/Alch      1%         3d5       99%         4
 Iskenderun's Mystic Bla  Conj/Tloc      3%         2d3       99%         4
 Arcjolt                  Conj/Air       2%         1d12      100%        5
 Iskenderun's Battlesphe  Conj           4%         2d6       100%        5
 Bombard                  Conj/Erth      1%         9d1       100%        6
 Plasma Beam              Fire/Air       1%         2x1d11    100%        6
 Spellforged Servitor     Conj/Summ      1%         N/A       100%        7
 Swiftness                Air            Unusable   N/A       N/A         3
 Vhi's Electric Charge    Tloc/Air       Unusable   N/A       N/A         4

Dungeon Overview and Level Annotations

Branches:
Dungeon (6/15)
 Temple: D:4-7

Altars:
Ashenzari
Nemelex Xobeh
Qazlal

Shops:
D:2 (==:*

Annotations:
D:4 exclusion: orc
D:5 exclusions: downstairs and scorpion
D:6 Maggie


Innate Abilities, Weirdness & Mutations

You cannot be hasted, slowed, berserked, paralysed or teleported.
You can dig through walls and to a lower floor.
You have a pair of large antennae on your head. (SInv)
Your four strong arms can wield two-handed weapons with a shield.


Message History

You shoot a sling bullet.
The sling bullet hits the bombardier beetle.
The bombardier beetle is lightly wounded.
The bombardier beetle sprays incendiary fluid at you.
The burning spray hits you.
You are covered in liquid fire!
a - a +0 quarterstaff (weapon)
The liquid fire burns you!
You shake off some of the fire as you move.
The liquid fire burns you!
You hit the bombardier beetle.
The bombardier beetle is heavily wounded.
The liquid fire burns you!
The bombardier beetle bites you but does no damage.
You completely miss the bombardier beetle.
The bombardier beetle is heavily wounded.
The liquid fire burns you! The bombardier beetle bites you.
You hit the bombardier beetle but do no damage.
The bombardier beetle is heavily wounded.
The liquid fire burns you!
You hit the bombardier beetle.
The bombardier beetle is heavily wounded.
The liquid fire burns you!
* * * LOW HITPOINT WARNING * * *
The bombardier beetle bites you but does no damage.
You hit the bombardier beetle but do no damage.
The bombardier beetle is heavily wounded.
The liquid fire burns you!
* * * LOW HITPOINT WARNING * * *
The bombardier beetle sprays incendiary fluid at you.
The burning spray hits you.
You are even more covered in liquid fire!
As you read the scroll of fear, it crumbles to dust.
You assume a fearsome visage.
The bombardier beetle looks frightened!
The liquid fire burns you!
* * * LOW HITPOINT WARNING * * *
You shake off some of the fire as you move.
The liquid fire burns you!
You die...

#########
#.......#
#.......#
##########.......#
#.)........†.....#
#.########.......#
##########.#
#.......#
#........#.#
#.......#
#.######.#<#
##.###.## ##.#
#.....# #@## .)
...# #.#.### ##.#
## #### #.#.# #..#
#.#.# #B#.# #.#.#
...... ..... #.#
##. ####. #$. # .
#.# .# ...


You could see a bombardier beetle (fleeing).

Vanquished Creatures
  A bombardier beetle (D:3)
  A gnoll (D:1)
  5 adders
  3 dart slugs
  2 ribbon worms (D:2)
  3 orcs
  8 endoplasms
  6 goblins
  3 hobgoblins
  8 kobolds
  8 quokkas
  8 ball pythons
  7 bats
  A frilled lizard (D:2)
  2 rats (D:1)
66 creatures vanquished.

Notes
Turn   | Place    | Note
-------+----------+-------------------------------------------
     0 | D:5      | petzl the Formicid Delver began the quest for the Orb.
     0 | D:5      | Reached XP level 1. HP: 18/18 MP: 1/1
     1 | D:6      | Noticed Maggie
     1 | D:6      | Noticed an orc wizard
     1 | D:6      | Noticed an orc priest
    52 | D:5      | Noticed an orc priest
   199 | D:5      | Reached skill level 1 in Spellcasting
   251 | D:5      | Noticed a scorpion
   288 | D:5      | Found a stormy altar of Qazlal.
   398 | D:4      | Reached XP level 2. HP: 16/22 MP: 4/4
   617 | D:3      | Learned a level 1 spell: Shock
   754 | D:3      | Found a broken altar of Ashenzari.
   841 | D:2      | Reached XP level 3. HP: 29/29 MP: 6/6
   982 | D:2      | Found Jaefriam's Jewellery Shop.
   985 | D:2      | Reached XP level 4. HP: 31/35 MP: 8/8
  2163 | D:2      | Found Ulin's General Store.
  2173 | D:2      | Bought a scroll of identify for 22 gold pieces
  2173 | D:2      | Bought a scroll of identify for 22 gold pieces
  2239 | D:2      | Found Doff's Book Emporium.
  2316 | D:2      | Found Toweph's Antique Weapon Shop.
  2404 | D:2      | Found Lorusuil's Jewellery Shop.
  2467 | D:3      | Found a sparkling altar of Nemelex Xobeh.
  2519 | D:3      | Reached XP level 5. HP: 41/41 MP: 10/10
  2906 | D:3      | Reached skill level 1 in Conjurations
  3244 | D:3      | Reached skill level 1 in Shields
  3366 | D:4      | Noticed a black bear
  3497 | D:4      | HP: 1/41 [burnt (5)]
  3498 | D:4      | Incinerated by a bombardier beetle

Illustrated notes

Levels and vault maps discovered:
D:1:      scummos_arrival_forest, layout_loops_corners, grunt_decor_cap,
          hex_tiny, minmay_liquid_box
D:2:      layout_rooms, serial_shops, nicolae_shop_overgrown_old_shop,
          nicolae_shop_tiny_waterfront, shop, shop, nicolae_shop_gaudy_bauble,
          minmay_vboxes
D:3:      layout_loops_ring, ashenzari_conservatory_becter,
          mainiacjoe_overflow_brackets
D:4:      layout_loops_ring, kennysheep_mini_moat, uniq_pikel, uniq_robin
D:5:      layout_layer_cave, nicolae_qazlal_eye_of_the_storm,
          overflow_temple_1_default, kiku_gazebo_pond_becter,
          uniq_blork_the_orc, uniq_duvessa
D:6:      layout_cave_pools, minmay_overflow_temple_star_hex,
          minmay_temple_entry_antechambers, uniq_maggie, uniq_eustachio

Skill      XL: |  1  2  3  4  5 |
---------------+----------------+-----
Spellcasting   | 1 2 3 |  3.9
Dodging        | 2 |  2.0
Conjurations   | 1 |  1.1
Shields        | 1 |  1.0
Fighting       | |  3.5
Maces & Flails | |  2.0
Stealth        | |  6.0
Air Magic      | |  0.9
Evocations     | |  0.7

Action                     |  1- 3 |  4- 6 || total
---------------------------+-------+-------++-------
  Melee: Quarterstaff      |    66 |   130 ||   196
         Mace              |    11 |       ||    11
   Fire: Sling             |       |    26 ||    26
Ability: Dig               |     3 |     2 ||     5
    Use: Scroll            |       |     5 ||     5
   Stab: Sleeping          |     1 |    10 ||    11
 Armour: Ring mail         |    48 |    84 ||   132
         Leather armour    |     6 |       ||     6
  Dodge: Dodged            |    47 |    72 ||   119
  Block: Buckler           |       |     8 ||     8

Table legend: (Time is in decaauts)
 A = Elapsed time spent in this place.
 B = Non-inter-level travel time spent in this place.
 C = Inter-level travel time spent in this place.
 D = Time resting spent in this place.
 E = Time spent auto-exploring this place.
 F = Levels seen in this place.
 G = Mean time per level.
                   A        B        C        D        E       F      G
               +--------+--------+--------+--------+--------+-----+--------+
         Total |   3562 |   3327 |    235 |    348 |   1836 |   6 |  593.7 |
       Dungeon |   3562 |   3327 |    235 |    348 |   1836 |   6 |  593.7 |
               +--------+--------+--------+--------+--------+-----+--------+

Top non-repeatable levels by time:
     D:3: 1236 daAuts
     D:1: 1063 daAuts
     D:2: 673 daAuts
     D:5: 384 daAuts
     D:4: 202 daAuts
     D:6: 1 daAuts
